 Dungeon Crawl Stone Soup version 0.31-a0-1163-gcee99d1eea (webtiles) character file.

Game seed: 11932995306318028640

5827 ChronoRanger the Grappler (level 10, -2/150 HPs)
             Began as a Troll Berserker on Dec 9, 2023.
             Was a High Priest of Trog.
             Slain by an orc warrior
             ... wielding a +0 hand axe
              (12 damage)
             ... on level 9 of the Dungeon.
             The game lasted 00:13:20 (6332 turns).

ChronoRanger the Grappler (Troll Berserker)         Turns: 6332, Time: 00:13:21

Health: -2/150     AC:  2    Str: 31    XL:     10   Next: 51%
Magic:  9/9        EV: 10    Int:  3    God:    Trog [*****.]
Gold:   312        SH:  8    Dex:  9    Spells: 9/9 levels left

rFire   . .          .
                       - Unarmed
rCold   + + +        m - +0 kite shield of Hedging {*Corrode rPois rC+++ SInv Stlth+}
rNeg    . . .        a - +0 animal skin
rPois   +            (helmet restricted)
rElec   .            k - +1 cloak
rCorr   +            (gloves unavailable)
SInv    +            (boots unavailable)
Will    .....        (no amulet) Stlth
                     f - ring of resist corrosion
HPRegen 1.25/turn    s - ring of poison resistance
MPRegen 0.11/turn

%: corrode self (3%)
@: berserking (expiring), corroded, very quick
A: large, unfitting armour, claws 3, regeneration 1, shaggy fur 1, tough skin 1
a: Renounce Religion, Berserk, Trog's Hand, Brothers in Arms


You were on level 9 of the Dungeon.
You worshipped Trog.
Trog was extremely pleased with you.
You visited 1 branch of the dungeon, and saw 9 of its levels.

You collected 420 gold pieces.
You spent 108 gold pieces at shops.

Inventory:

Missiles
 n - 4 curare-tipped darts
 p - 23 poisoned darts (quivered)
Armour
 a - a +0 animal skin (worn)
 k - a +1 cloak (worn)
 m - the +0 kite shield of Hedging (worn) {*Corrode rPois rC+++ SInv Stlth+}
   (You acquired it on level 3 of the Dungeon)

   rC+++:     It renders you almost immune to cold.
   rPois:     It protects you from poison SInv: It lets you see invisible.
   *Corrode:  It may corrode you when you take damage.
   Stlth+:    It makes you more stealthy.
 v - the +0 troll leather armour of Okawaru's Whim {-Tele Will+ Regen+ Int+4}
   (You found it on level 8 of the Dungeon)

   Int+4:     It affects your intelligence (+4).
   Will+:     It increases your willpower.
   -Tele:     It prevents most forms of teleportation.
   Regen+:    It increases your rate of health regeneration.
Jewellery
 f - a ring of resist corrosion (left claw)
 s - a ring of poison resistance (right claw)
Scrolls
 b - 3 scrolls of immolation
 d - 3 scrolls of fear
 g - a scroll of teleportation
 l - 2 scrolls of revelation
 q - 3 scrolls of enchant armour
Potions
 c - 4 potions of haste
 e - 3 potions of might
 h - 4 potions of curing
 i - 2 potions of enlightenment {unknown}
 j - a potion of lignification {unknown}
 o - 5 potions of heal wounds {unknown}
 r - a potion of attraction {unknown}
 t - a potion of ambrosia {unknown}
 u - 2 potions of brilliance {unknown}


   Skills:
 + Level 6.7 Fighting
 + Level 6.7 Dodging
 - Level 5.0 Shields
 * Level 11.0 Unarmed Combat


You had 9 spell levels left.
You didn't know any spells.
Your spell library was empty.

Dungeon Overview and Level Annotations

Branches:
Dungeon (9/15)             Temple (0/1) D:7            Lair (0/5) D:9
    Orc: D:9-12

Altars:
Cheibriados
Dithmenos
Elyvilon
Ru

Shops:
D:3 !   D:4 [*

Annotations:
D:1 1 transporter


Innate Abilities, Weirdness & Mutations

You are too large for most types of armour.
You have claws for hands.
Your natural rate of healing is unusually fast.
You are covered in fur. (AC +1)
You have tough skin. (AC +1)


Message History

The water moccasin hisses angrily.
You completely miss the wyvern.
The wyvern is lightly wounded.
The wyvern bites you!
* * * LOW HITPOINT WARNING * * *
You block the orc priest's attack. You block the orc warrior's attack.
The orc hits you with a +0 flail.
* * * LOW HITPOINT WARNING * * *
The wyvern bites you!
* * * LOW HITPOINT WARNING * * *
Your corrosive artefact corrodes you!
You mangle the wyvern!!
You feel the power of Trog in you as your rage grows.
You kill the wyvern!
Trog accepts your kill.
You feel sick. The wyvern bites you!
* * * LOW HITPOINT WARNING * * *
You block the orc's attack. You block the orc priest's attack.
The orc barely misses you. The orc warrior barely misses you.
You mangle the wyvern!!
You kill the wyvern!
Trog accepts your kill. The wyvern barely misses you.
Your Unarmed Combat skill increases to level 11!
You are too berserk!
You feel sick.
You are no longer poisoned.
You block the wyvern's attack. The orc attacks as it pursues you!
The orc hits you from afar with a +0 trident.
* * * LOW HITPOINT WARNING * * *
The orc attacks as it pursues you! The orc barely misses you.
The orc warrior barely misses you. The basilisk gazes at you.
You resist with some effort.
Things that are here:
a wyvern corpse; a yak corpse; a water moccasin corpse You closely miss the basilisk.
You block the wyvern's attack. You block the basilisk's attack.
The orc warrior hits you with a +0 hand axe!
You die...

#.# #####'###
##.## #.......#
##...####.# #.#.#
#.#.......###.#.#
##.#.####.))....#
##.##
#.#)....####. ###
#.##o.o......
##...loo.####
#..###@###
###...##l#
#).....YY#
#.P.P...S..#
#P..P.......#
..$.P......PP#
........P....#
.....P....P...#
...PP..P..PP♣.#


You could see 2 yaks, a basilisk, an orc warrior, a water moccasin, a wyvern, an
orc priest and 2 orcs.

Vanquished Creatures
  Jeremiah (D:7)
  A hornet (D:8)
  A shadow (D:8)
  A yak (D:9)
  A wraith (D:8)
  4 wyverns
  Menkaure (D:5)
  3 sky beasts (D:7)
  4 water moccasins
  Duvessa (D:7)
  2 ice beasts
  2 black bears (D:8)
  An ogre (D:6)
  A kobold brigand (D:9)
  8 phantoms
  3 bullfrogs
  A gnoll sergeant (D:7)
  8 scorpions
  6 wights
  Dowan (D:7)
  2 howler monkeys
  A centaur zombie (D:8)
  A hound (D:4)
  2 jellies
  3 orc priests
  2 scorpion zombies (D:8)
  7 sleepcaps
  3 iguanas
  7 orc wizards
  4 killer bee zombies (D:8)
  5 gnolls (D:7)
  13 adders
  9 shadow imps (D:8)
  A white imp (D:7)
  2 ufetubi (D:7)
  A worm (D:2)
  2 dart slugs
  32 orcs
  6 endoplasms
  5 giant cockroaches
  2 goblins
  8 hobgoblins
  6 jackals
  7 quokkas
  9 ball pythons
  3 bats
  3 frilled lizards
  19 kobolds
  4 rats
220 creatures vanquished.

Notes
Turn   | Place    | Note
-------+----------+-------------------------------------------
     0 | D:1      | ChronoRanger the Troll Berserker began the quest for the
                  | Orb.
     0 | D:1      | Reached XP level 1. HP: 22/22 MP: 0/0
   111 | D:1      | Reached XP level 2. HP: 27/29 MP: 1/1
   569 | D:2      | Reached ** piety under Trog
   574 | D:2      | Reached XP level 3. HP: 36/36 MP: 2/2
   723 | D:2      | Reached skill level 4 in Unarmed Combat
   806 | D:2      | Reached XP level 4. HP: 39/44 MP: 3/3
  1464 | D:3      | Reached *** piety under Trog
  1473 | D:3      | Reached XP level 5. HP: 48/53 MP: 4/4
  1693 | D:3      | Found Miteimp's Distillery.
  1699 | D:3      | Bought a potion of might for 48 gold pieces
  1699 | D:3      | Bought a potion of curing for 36 gold pieces
  1699 | D:3      | Bought 2 potions of degeneration for 24 gold pieces
  1702 | D:3      | Identified a scroll of acquirement
  1702 | D:3      | Acquired the +0 kite shield of Hedging {*Corrode rPois
                  | rC+++ SInv Stlth+}
  2076 | D:4      | Found Muwa's Lightly-Used Armoury.
  2080 | D:4      | Reached skill level 5 in Unarmed Combat
  2132 | D:4      | Found Allosm's Armour Boutique.
  2232 | D:4      | Found a sacrificial altar of Ru.
  2239 | D:4      | Reached skill level 1 in Shields
  2239 | D:4      | Reached XP level 6. HP: 59/61 MP: 5/5
  2635 | D:5      | Entered Level 5 of the Dungeon
  2865 | D:5      | Reached XP level 7. HP: 68/68 MP: 6/6
  2930 | D:5      | Reached skill level 6 in Unarmed Combat
  2985 | D:5      | Noticed Menkaure
  2992 | D:5      | Killed Menkaure
  3201 | D:6      | Reached XP level 8. HP: 75/78 MP: 7/7
  3275 | D:6      | Reached skill level 7 in Unarmed Combat
  3628 | D:7      | Reached **** piety under Trog
  3755 | D:7      | Found a staircase to the Ecumenical Temple.
  3952 | D:7      | Reached skill level 8 in Unarmed Combat
  3982 | D:7      | Reached skill level 5 in Fighting
  3982 | D:7      | Reached skill level 5 in Dodging
  4057 | D:7      | Noticed Dowan
  4057 | D:7      | Noticed Duvessa
  4063 | D:7      | Killed Dowan
  4068 | D:7      | Killed Duvessa
  4069 | D:7      | Reached XP level 9. HP: 54/88 MP: 8/8
  4254 | D:7      | Noticed Jeremiah
  4264 | D:7      | Killed Jeremiah
  4608 | D:8      | Reached skill level 9 in Unarmed Combat
  4724 | D:8      | Found a shadowy altar of Dithmenos.
  4752 | D:8      | Reached skill level 5 in Shields
  5228 | D:8      | Found a white marble altar of Elyvilon.
  5229 | D:8      | Found a snail-covered altar of Cheibriados.
  5405 | D:8      | Reached XP level 10. HP: 84/98 MP: 9/9
  5411 | D:8      | Reached skill level 10 in Unarmed Combat
  5667 | D:8      | Reached ***** piety under Trog
  5812 | D:8      | Identified the +0 troll leather armour of Okawaru's Whim
                  | {-Tele Will+ Regen+ Int+4}
  6304 | D:9      | Found a staircase to the Lair.
  6319 | D:9      | Received a gift from Trog
  6331 | D:9      | Reached skill level 11 in Unarmed Combat
  6332 | D:9      | Slain by an orc warrior

Illustrated notes

Levels and vault maps discovered:
D:1:      spicycebolla_arrival_risky_transporter, layout_rooms
D:2:      layout_loops_ring, st_stairs_3
D:3:      layout_loops_ring, serial_shops, shop, kennysheep_generic_room_3
D:4:      layout_basic, nicolae_ru_great_annihilating_truth, serial_shops, shop,
          minmay_shop_damaged, hangedman_decor_clover_reticule
D:5:      layout_basic, serial_park_tiny_1, uniq_menkaure
D:6:      layout_rooms
D:7:      layout_loops_ring, minmay_temple_entry_glass, st_stairs_13,
          uniq_jeremiah, uniq_duvessa
D:8:      bobbens_index_wilting_gardens, layout_layer_cave,
          mainiacjoe_overflow_boulevard,
          chequers_temple_overflow_statue_of_worship
D:9:      minmay_shrinking_squares, layout_loops_corners,
          minmay_lair_entry_grove, gammafunk_ghost_split,
          chequers_serial_rivers_marsh, patterned_corridor

Skill      XL: |  1  2  3  4  5  6  7  8  9 10 |
---------------+-------------------------------+-----
Unarmed Combat | 4 5 6 8 9 11 | 11.0
Fighting       | 3 4 5 6 |  6.7
Dodging        | 3 4 5 6 |  6.7
Shields        | 1 2 4 5 |  5.0

Action                     |  1- 3 |  4- 6 |  7- 9 | 10-12 || total
---------------------------+-------+-------+-------+-------++-------
  Melee: Unarmed           |   106 |   149 |   225 |   134 ||   614
         Punch             |     4 |       |       |       ||     4
 Invoke: Berserk           |     1 |       |     4 |     1 ||     6
         Trog's Hand       |       |       |     2 |       ||     2
    Use: Scroll            |       |    13 |     1 |       ||    14
         Potion            |       |       |     1 |       ||     1
   Stab: Paralysed         |       |     2 |       |       ||     2
         Sleeping          |       |     1 |     5 |     1 ||     7
 Armour: Animal skin       |    47 |    60 |   146 |    88 ||   341
  Dodge: Dodged            |    43 |    59 |    69 |    57 ||   228
  Block: Kite shield       |       |    11 |    79 |    58 ||   148

Table legend: (Time is in decaauts)
 A = Elapsed time spent in this place.
 B = Non-inter-level travel time spent in this place.
 C = Inter-level travel time spent in this place.
 D = Time resting spent in this place.
 E = Time spent auto-exploring this place.
 F = Levels seen in this place.
 G = Mean time per level.
                   A        B        C        D        E       F      G
               +--------+--------+--------+--------+--------+-----+--------+
         Total |   6332 |   6050 |    282 |    422 |   4247 |   9 |  703.6 |
       Dungeon |   6332 |   6050 |    282 |    422 |   4247 |   9 |  703.6 |
               +--------+--------+--------+--------+--------+-----+--------+

Top non-repeatable levels by time:
     D:8: 1825 daAuts
     D:3: 930 daAuts
     D:7: 865 daAuts
     D:4: 650 daAuts
     D:2: 580 daAuts
     D:5: 538 daAuts
     D:1: 468 daAuts
     D:6: 394 daAuts
     D:9: 80 daAuts
